 Dungeon Crawl Stone Soup version 0.24-a0-521-g122614bf49 (webtiles) character file.

Game seed: 5936230218645841812

303 Gargoyl the Skirmisher (level 6, 0/52 HPs)
             Began as a Centaur Abyssal Knight on July 30, 2019.
             Was a Priest of Lugonu.
             Slain by a hornet (10 damage)
             ... on level 3 of the Dungeon.
             The game lasted 00:06:25 (3313 turns).

Gargoyl the Skirmisher (Centaur Abyssal Knight)     Turns: 3313, Time: 00:06:26

Health: 0/52       AC: 10    Str: 16    XL:     6   Next: 15%
Magic:  8/8        EV:  5    Int: 11    God:    Lugonu [***...]
Gold:   124        SH:  0    Dex: 11    Spells: 5/5 levels left

rFire    . . .     SeeInvis .   l - +2 hand axe (chop)
rCold    . . .     Gourm    .   (no shield)
rNeg     . . .     Faith    .   e - +0 chain mail
rPois    .         Spirit   .   (no helmet)
rElec    .         Reflect  .   (no cloak)
rCorr    .         Harm     .   n - +1 pair of gloves
MR       .....     Clarity  +   (no barding)
Stlth    ..........             b - amulet of rage
HPRegen  0.17/turn              (no ring)
MPRegen  0.11/turn              (no ring)

@: slowed
A: large, hooves 3, agile 1, clarity, deformed body, speed 2, tough skin 3
a: Depart the Abyss, Bend Space, Banish, Renounce Religion, Evoke Berserk Rage


You were on level 3 of the Dungeon.
You worshipped Lugonu.
Lugonu was most pleased with you.
You were very hungry.

You visited 1 branch of the dungeon, and saw 4 of its levels.
You visited the Abyss 1 time.

You collected 124 gold pieces.

Inventory:

Hand Weapons
 a - a +1 hand axe
 l - a +2 hand axe of chopping (weapon)
Armour
 e - a +0 chain mail (worn)
 n - a +1 pair of gloves (worn)
Jewellery
 b - an amulet of rage (around neck)
Scrolls
 h - 6 scrolls of teleportation
 i - a scroll of remove curse
 j - a scroll of identify
Potions
 d - a potion of flight {unknown}
 f - a potion of degeneration {unknown}
 g - 3 potions of curing
 k - a potion of lignification {unknown}
 o - a potion of heal wounds {unknown}
Comestibles
 c - 8 rations


   Skills:
 + Level 3.9 Fighting
 + Level 3.1 Axes
 * Level 3.0 Armour
 * Level 1.7 Dodging
 * Level 3.2 Invocations


You had 5 spell levels left.
You didn't know any spells.
Your spell library was empty.

Dungeon Overview and Level Annotations

Branches:
Dungeon (4/15)
 Temple: D:4-7

Altars:
Ashenzari
Cheibriados
Nemelex Xobeh
Trog


Innate Abilities, Weirdness & Mutations

You have hooves in place of feet.
Armour fits poorly on your strangely shaped body.
You cover ground very quickly.
You have extremely tough skin. (AC +3)
You are agile. (Dex +2)
You possess an exceptional clarity of mind.


Message History

You are feeling very hungry.
The howler monkey hoots and howls with incredible vigour!
You hear an angry hiss. x2; You hear a shout!
There is a stone staircase leading up here.
You see here an uncursed ring of ice.
The hornet stings you.
* * * LOW HITPOINT WARNING * * *
You feel yourself slow down.
You climb upwards.
There is a stone staircase leading down here.
Press: ? - help, Shift-Dir - straight line, f - hornet
Aim: a hornet (chance to defeat MR: 75%)
You fail to use your ability.
The hornet stings you!
* * * LOW HITPOINT WARNING * * *
You feel as though you will be slow longer.
The hornet completely misses you.
You feel better.
The hornet stings you but does no damage.
The hornet stings you!
You die...

##...###.####.# #...###.....# ##.
..†......####.###.#.###.###.# #..
......#...........#.........###.#
............#..####...).......#.#
.........#.###..# #.........#...#
)..........####.###..............
(.......#...###..##..............
......................#.###.#....
....(......###.y@######.##..#...)
.......###.##........#.....##...#
.......# #.##........#.........##
...(...# #..#.............#######
.......###...............## #...
.....................#....####.##
......#.###.#..........##......##
........# #.#(..................#
##...#### #...(.....###########.#


You could see a hornet.

Vanquished Creatures
  An orc priest (D:3)
  Natasha (twice) (D:2)
  6 adders
  6 gnolls
  3 oozes
  4 worms
  A dart slug (D:1)
  3 leopard geckos
  6 orcs (D:3)
  8 bats
  2 giant cockroaches
  6 goblins
  7 hobgoblins
  8 jackals
  7 kobolds
  A quokka (D:2)
  A ball python (D:3)
  4 frilled lizards
  10 rats
86 creatures vanquished.

Notes
Turn   | Place    | Note
-------+----------+-------------------------------------------
     0 | Abyss:1  | Gargoyl the Centaur Abyssal Knight began the quest for the
                  | Orb.
     0 | Abyss:1  | Reached XP level 1. HP: 19/19 MP: 2/2
    67 | Abyss:3  | Noticed an ettin
    68 | Abyss:3  | Noticed an ettin
    93 | Abyss:3  | Noticed a small abomination
    94 | Abyss:3  | Noticed a spatial vortex
    98 | Abyss:3  | Noticed a spatial vortex
    98 | Abyss:3  | Noticed a spatial maelstrom
   103 | Abyss:3  | Noticed a spatial vortex
   112 | Abyss:3  | Noticed a small abomination
   142 | Abyss:3  | Noticed a lich
   151 | Abyss:3  | Gained mutation: You possess an exceptional clarity of
                  | mind. [potion of mutation]
   151 | Abyss:3  | Gained mutation: You are agile. (Dex +2) [potion of
                  | mutation]
   151 | Abyss:3  | Noticed a thrashing horror
   152 | D:1      | Escaped the Abyss
   316 | D:1      | Reached XP level 2. HP: 11/26 MP: 3/3
   553 | D:1      | Reached * piety under Lugonu
   605 | D:1      | Reached skill level 1 in Dodging
   659 | D:1      | Reached XP level 3. HP: 23/31 MP: 4/4
  1248 | D:2      | Found a sparkling altar of Nemelex Xobeh.
  1454 | D:2      | Reached XP level 4. HP: 39/39 MP: 5/5
  1483 | D:2      | Found a bloodstained altar of Trog.
  1805 | D:2      | Reached ** piety under Lugonu
  1871 | D:2      | Found a snail-covered altar of Cheibriados.
  1996 | D:2      | Noticed Natasha
  2007 | D:2      | Killed Natasha
  2088 | D:2      | Found a shattered altar of Ashenzari.
  2118 | D:2      | Noticed Natasha
  2125 | D:2      | Killed Natasha
  2125 | D:2      | Reached XP level 5. HP: 46/46 MP: 7/7
  2856 | D:3      | Reached XP level 6. HP: 41/52 MP: 8/8
  2979 | D:3      | Reached *** piety under Lugonu
  3273 | D:4      | Noticed a hornet
  3279 | D:4      | Paralysed by a hornet for 2 turns
  3312 | D:3      | HP: 2/52 [hornet (13)]
  3313 | D:3      | Slain by a hornet

Levels and vault maps discovered:
D:1:      dpeg_arrival_houses_and_road, layout_loops_ring,
          hangedman_decor_clover_reticule, minivault_14,
          chequers_serial_rivers_micro_d, minmay_indecisive_spiral
D:2:      layout_loops_cross, marbit_many_paths, lemuel_doored_altar,
          lemuel_round_altar, bloody_trog, skrybe_limestone_x, uniq_natasha
D:3:      layout_rooms, first_ration
D:4:      layout_loops_ring, nicolae_ru_sacrificial_ziggurat

Skill      XL: |  1  2  3  4  5  6 |
---------------+-------------------+-----
Dodging        | 1 |  1.7
Axes           | 2 3 |  3.1
Armour         | 2 3 |  3.0
Invocations    | 3 |  3.2
Fighting       | |  3.9

Action                   |  1- 3 |  4- 6 || total
-------------------------+-------+-------++-------
Melee: Hand axe          |    90 |   151 ||   241
       Kick              |    18 |    35 ||    53
Invok: Depart the Abyss  |     1 |       ||     1
  Use: Scroll            |     2 |     8 ||    10
       Potion            |     2 |     2 ||     4
  Eat: Chunk             |       |     5 ||     5
Armor: Chain mail        |    89 |   107 ||   196
       Leather armour    |     1 |       ||     1
Dodge: Dodged            |    21 |    47 ||    68

Table legend:
 A = Non-vault XP
 B = Vault XP
 C = Vault XP percentage of total XP
 D = Non-vault monster count
 E = Vault monster count
 F = Vault count percentage of total count
                 A         B        C        D         E       F
            +---------+---------+-------+---------+---------+-------
      Total |     390 |      44 |  10.1 |      80 |       6 |   7.0
            +---------+---------+-------+---------+---------+-------
        D:1 |      70 |       7 |   9.1 |      19 |       4 |  17.4
        D:2 |     111 |      37 |  25.0 |      19 |       2 |   9.5
        D:3 |     209 |       0 |   0.0 |      42 |       0 |   0.0
            +---------+---------+-------+---------+---------+-------
